 Dungeon Crawl Stone Soup version 0.20.1-1-g8b1a95d (webtiles) character file.

30 letownia2 the Grave Robber (level 3, -1/28 HPs)
             Began as a Deep Dwarf Necromancer on Nov 1, 2017.
             Slain by a hobgoblin
             ... wielding a +0 club
              (2 damage)
             ... on level 4 of the Dungeon.
             The game lasted 00:02:56 (747 turns).

letownia2 the Grave Robber (Deep Dwarf Necromancer)  Turns: 747, Time: 00:02:57

Health: -1/28      AC:  2    Str: 11    XL:     3   Next: 5%
Magic:  4/6        EV: 12    Int: 16    God:
Gold:   73         SH:  0    Dex: 13    Spells: 5/6 levels left

rFire    . . .     SeeInvis .   a - +2 dagger (venom)
rCold    + . .     Gourm    .   (no shield)
rNeg     . . .     Faith    .   e - +0 robe
rPois    .         Spirit   .   (no helmet)
rElec    .         Reflect  .   (no cloak)
rCorr    .         Harm     .   (no gloves)
MR       .....                  (no boots)
Stlth    ++........             (no amulet)
Regen    0.0/turn               j - ring of protection from cold
MPRegen  0.1/turn               k - ring of wizardry

@: non-regenerating
A: damage resistance, heal wounds, sense surroundings 1, no regeneration
a: Heal Wounds


You were on level 4 of the Dungeon.
You were not hungry.

You visited 1 branch of the dungeon, and saw 4 of its levels.

You collected 73 gold pieces.

Inventory:

Hand Weapons
 a - a +2 dagger of venom (weapon)
Armour
 e - a +0 robe (worn)
Jewellery
 j - a ring of protection from cold (left hand)
 k - a ring of wizardry (right hand)
Wands
 m - a wand of confusion (24/48)
 q - a wand of lightning (6/15)
Scrolls
 d - a scroll of identify {unknown}
 f - a scroll of remove curse {unknown}
 g - 2 scrolls of enchant armour {unknown}
 i - 2 scrolls of fear {unknown}
 l - a scroll of recharging {unknown}
Potions
 h - 2 potions of curing {unknown}
 o - 2 potions of mutation {unknown}
Books
 b - a book of Necromancy

   Spells                             Type                      Level
   a - Pain                           Necromancy                   1
   b - Animate Skeleton               Necromancy                   1
   c - Vampiric Draining              Necromancy                   3
   d - Regeneration                   Charms/Necromancy            3
   e - Animate Dead                   Necromancy                   4
   f - Control Undead                 Necromancy                   4
 p - a book of Conjurations

   Spells                             Type                      Level
   a - Magic Dart                     Conjuration                  1
   b - Searing Ray                    Conjuration                  2
   c - Dazzling Spray                 Conjuration/Hexes            3
   d - Fulminant Prism                Conjuration/Hexes            4
   e - Force Lance                    Conjuration/Translocation    4
   f - Iskenderun's Mystic Blast      Conjuration                  4
Comestibles
 c - a bread ration
 n - a royal jelly


   Skills:
 - Level 2.1 Dodging
 - Level 2.4 Stealth
 - Level 2.1 Spellcasting
 + Level 5.2 Necromancy


You had 5 spell levels left.
You knew the following spells:

 Your Spells              Type           Power        Failure   Level  Hunger
a - Pain                  Necr           ###.         1%          1    #......


Dungeon Overview and Level Annotations

Branches:
Dungeon (4/15)
 Temple: D:4-7

Altars:


Innate Abilities, Weirdness & Mutations

You are resistant to damage.
You can heal yourself by infusing magical energy.
You passively map a small area around you.
You do not regenerate.


Message History

Confirm with . or Enter, or press ? or * to list all spells.
You don't know that spell.
Unknown command.
Unknown command.
There is a stone staircase leading up here.
You hit the orc.
The orc is heavily wounded.
The hobgoblin closely misses you. The orc misses you.
You barely miss the orc.
The orc is heavily wounded.
The hobgoblin hits you with a club.
* * * LOW HITPOINT WARNING * * *
The orc completely misses you.
Unknown command.
You barely miss the orc.
The orc is heavily wounded.
The hobgoblin closely misses you.
Unknown command.
The hobgoblin hits you with a club.
You die...

,, , ,, * , , , * ,
, , , , , * , * , .
,, #+# ,
...#+########.... *
........<........
.......@gw.......
........o<....... ,
*.................
.................
..........[...... ,,
######............#*
#............# , ,
#............#
#............#


You could see a dart slug, an orc and a hobgoblin.

Vanquished Creatures
  An adder (D:2)
  3 orcs (D:3)
  A giant cockroach (D:2)
  4 goblins
  2 kobolds
  A quokka (D:3)
  2 bats (D:2)
  2 frilled lizards
  2 rats (D:2)
18 creatures vanquished.

Notes
Turn   | Place    | Note
-------+----------+-------------------------------------------
     0 | D:1      | letownia2 the Deep Dwarf Necromancer began the quest for the Orb.
     0 | D:1      | Reached XP level 1. HP: 15/15 MP: 3/3
   142 | D:2      | Reached XP level 2. HP: 22/22 MP: 1/5
   446 | D:3      | Reached skill level 5 in Necromancy
   516 | D:3      | Found a faded altar of an unknown god.
   579 | D:3      | Reached XP level 3. HP: 28/28 MP: 0/6
   745 | D:4      | HP: 1/28 [hobgoblin/club (3)]
   747 | D:4      | Slain by a hobgoblin

Skill      XL: |  1  2 |
---------------+-------+-----
Spellcasting   | 2 |  2.1
Necromancy     | 5 |  5.2
Dodging        | |  2.1
Stealth        | |  2.4

Action                   || total
-------------------------++-------
Melee: Dagger            ||     7
 Cast: Pain              ||    32
Armor: Robe              ||     4
Dodge: Dodged            ||    36
